 Dungeon Sprint DCSS version 0.27-a0-797-g27d10ad80f (webtiles) character file.

Game seed: 12906630501795862243

35 mhtbhm the Cutter (level 3, -2/39 HPs)
             Began as a Kobold Berserker on Mar 27, 2021.
             Was a Believer of Trog.
             Slain by an orc
             ... wielding a +0 short sword
              (7 damage)
             ... in the Dungeon (Sprint IX: "|||||||||||||||||||||||||||||").
             The game lasted 00:00:11 (345 turns).

mhtbhm the Cutter (Kobold Berserker)                 Turns: 345, Time: 00:00:12

Health: -2/39      AC: -1    Str: 15    XL:     3   Next: 55%
Magic:  3/3        EV: 15    Int:  8    God:    Trog [**....]
Gold:   0          SH:  0    Dex: 14    Spells: 2/2 levels left

rFire    . . .     SeeInvis .   a - +0 short sword
rCold    . . .     Faith    .   (shield restricted)
rNeg     . . .     Spirit   .   b - +0 animal skin
rPois    .         Reflect  .   (no helmet)
rElec    .         Harm     .   (no cloak)
rCorr    .         Rampage  .   (no gloves)
Will     .....     NoTele   +   (no boots)
Stlth    ..........             (no amulet)
HPRegen  0.13/turn              (no ring)
MPRegen  0.08/turn              (no ring)

@: berserking, corroded, very quick
A: small, no large weapons, nightstalker 3
a: Renounce Religion, Berserk, Trog's Hand


You were in the Dungeon.
You worshipped Trog.
Trog was pleased with you.
You visited 1 branch

Inventory:

Hand Weapons
 a - a +0 short sword (weapon)
Armour
 b - a +0 animal skin (worn)
Scrolls
 h - a scroll of blinking
Potions
 c - a potion of curing
 d - a potion of heal wounds
 e - a potion of haste
 f - 2 potions of magic
 g - a potion of berserk rage


   Skills:
 + Level 5.2 Fighting
 + Level 6.5 Short Blades
 + Level 2.2 Armour
 + Level 3.7 Dodging
 + Level 1.0 Stealth


You had 2 spell levels left.
You didn't know any spells.
Your spell library was empty.

Dungeon Overview and Level Annotations

Branches:
Dungeon (1/1)

Altars:


Innate Abilities, Weirdness & Mutations

You are small and have problems with some larger weapons.
You are completely attuned to the shadows.


Message History

You have reached level 2!
Unknown command.
You start resting.
You start resting.
HP restored.
You open the door.
A jelly, an orc and a zombie come into view.
A centaur comes into view.
The orc shouts!
There is an open door here.
You catch the helpless jelly completely off-guard!
You puncture the jelly!
Your hands burn!
The jelly is heavily wounded.
The centaur shouts!
You hear a shout!
The jelly misses you.
A red film seems to cover your vision as you go berserk!
You feel yourself moving faster!
You feel mighty! The jelly hits you.
You are splashed with acid!
You hit the jelly.
Your hands burn!
The jelly is almost dead.
The jelly hits you. The acid corrodes you!
You are splashed with acid!
* * * LOW HITPOINT WARNING * * *
You hit the jelly.
You feel the power of Trog in you as your rage grows.
You kill the jelly!
Trog accepts your kill.
Your Fighting skill increases to level 5!
Your Short Blades skill increases to level 6!
Your Armour skill increases to level 2!
Your Dodging skill increases to level 3!
Your Stealth skill increases to level 1!
You have reached level 3!
Your experience leads to an increase in your attributes!
Increase (S)trength, (I)ntelligence, or (D)exterity?
You feel stronger.
Unknown command.
An orc wizard comes into view. It is wielding a +0 dagger.
The orc wizard shouts!
The orc hits you with a +0 short sword!
You die... ▓▓▓▓▓▓▓▓▓▓▓▓▓▓▓▓▓ ▓<...'÷....'@ocZo ▓▓▓▓▓▓▓▓▓▓▓▓▓▓▓▓▓

You could see a centaur, an orc wizard, an orc and a jackal zombie.

Vanquished Creatures
  A jelly (D)
  A bat (D)
  An endoplasm (D)
  A hobgoblin (D)
  A quokka (D)
  A frilled lizard (D)
6 creatures vanquished.

Notes
Turn   | Place    | Note
-------+----------+-------------------------------------------
     0 | D        | mhtbhm the Kobold Berserker began the quest for the Orb.
     0 | D        | Reached XP level 1. HP: 14/14 MP: 1/1
    21 | D        | Reached ** piety under Trog
    33 | D        | Reached skill level 5 in Short Blades
    33 | D        | Reached XP level 2. HP: 1/20 MP: 2/2
   340 | D        | Noticed a centaur
   345 | D        | Reached skill level 5 in Fighting
   345 | D        | Reached skill level 6 in Short Blades
   345 | D        | Reached skill level 1 in Stealth
   345 | D        | Reached XP level 3. HP: 5/26 MP: 3/3
   345 | D        | Slain by an orc

Illustrated notes

Levels and vault maps discovered:
D:        linesprint [early_d, line_temple, items_1, d_10, items_2, lair_1,
          lair_end, items_3, orc_1, orc_end, items_4, d_15, swamp_1, shoals_1,
          snake_1, spider_1, d_20, vaults_1, items_5, swamp_end, shoals_end,
          snake_end, spider_end, vaults_end, d_27, items_6, zot_1, zot_end,
          crypt_end, forest_end, elf_end, slime_end, tomb_end, abyss_end,
          pan_hell_end]

Skill      XL: |  1  2 |
---------------+-------+-----
Fighting       | 4 5 |  5.2
Short Blades   | 5 6 |  6.5
Armour         | 2 |  2.2
Dodging        | 3 |  3.7
Stealth        | 1 |  1.0

Action                   || total
-------------------------++-------
Melee: Short sword       ||    30
Invok: Berserk           ||     1
 Stab: Distracted        ||     1
Armor: Animal skin       ||     3
Dodge: Dodged            ||    22

Table legend: (Time is in decaauts)
 A = Elapsed time spent in this place.
 B = Non-inter-level travel time spent in this place.
 C = Inter-level travel time spent in this place.
 D = Time resting spent in this place.
 E = Time spent auto-exploring this place.
 F = Levels seen in this place.
 G = Mean time per level.
                   A        B        C        D        E       F      G
               +--------+--------+--------+--------+--------+-----+--------+
         Total |    340 |    340 |      0 |    303 |      2 |   1 |  340.0 |
       Dungeon |    340 |    340 |      0 |    303 |      2 |   1 |  340.0 |
               +--------+--------+--------+--------+--------+-----+--------+

Top non-repeatable levels by time:
       D: 340 daAuts
